 Dungeon Crawl Stone Soup version 0.24.0-123-gd5b16e6ec5 (webtiles) character file.

Game seed: 5721520300656857615, levelgen mode: deterministic

457 Alzound the Chopper (level 6, -5/45 (48) HPs)
             Began as a Demonspawn Berserker on Jan 22, 2020.
             Was a Believer of Trog.
             Slain by an iguana (10 damage)
             ... on level 5 of the Dungeon.
             The game lasted 00:12:26 (4295 turns).

Alzound the Chopper (Demonspawn Berserker)          Turns: 4295, Time: 00:12:27

HP:   -5/45 (48)    AC:  8    Str: 19    XL:     6   Next: 77%
MP:   6/6           EV:  8    Int:  9    God:    Trog [**....]
Gold: 230           SH:  8    Dex: 12    Spells: 5/5 levels left

rFire    . . .     SeeInvis .   a - +0 hand axe
rCold    . . .     Gourm    .   g - +0 shield
rNeg     . . .     Faith    .   h - +0 scale mail
rPois    .         Spirit   .   (helmet restricted)
rElec    .         Reflect  .   o - +0 cloak
rCorr    .         Harm     .   (no gloves)
MR       .....                  (no boots)
Stlth    ++........             (no amulet)
HPRegen  0.15/turn              (no ring)
MPRegen  0.10/turn              (no ring)

@: no status effects
A: horns 1, demonic guardian 1, nightstalker 2
a: Berserk, Trog's Hand, Renounce Religion


You were on level 5 of the Dungeon.
You worshipped Trog.
Trog was pleased with you.
You were not hungry.

You visited 1 branch of the dungeon, and saw 5 of its levels.

You collected 230 gold pieces.

Inventory:

Hand Weapons
 a - a +0 hand axe (weapon)
Armour
 b - a +0 animal skin
 e - a +0 buckler
 g - a +0 shield (worn)
 h - a +0 scale mail (worn)
 o - a +0 cloak (worn)
Scrolls
 d - a scroll of random uselessness {unknown}
 f - 3 scrolls of identify
 j - 3 scrolls of teleportation {unknown}
 l - a scroll of fear
Potions
 i - a potion of might
 k - a potion of degeneration {unknown}
 m - a potion of curing {unknown}
 n - a potion of flight {unknown}
 p - a potion of ambrosia {unknown}
Comestibles
 c - 5 rations


   Skills:
 + Level 4.1 Fighting
 + Level 4.7 Axes
 + Level 3.5 Armour
 + Level 2.4 Dodging
 + Level 1.0 Stealth
 + Level 2.0 Shields


You had 5 spell levels left.
You didn't know any spells.
Your spell library was empty.

Dungeon Overview and Level Annotations

Branches:
Dungeon (5/15)             Temple (0/1) D:4

Altars:
Dithmenos
Elyvilon
Hepliaklqana
Makhleb
Ru
Sif Muna
Xom
The Shining One


Innate Abilities, Weirdness & Mutations

You have a pair of small horns on your head.
A weak demonic guardian rushes to your aid.
You are significantly more attuned to the shadows.


Message History

The iguana is lightly wounded.
The iguana bites you but does no damage.
You slash the iguana!
The iguana is heavily wounded.
You block the iguana's attack.
The iguana bites you but does no damage.
You hit the iguana.
The iguana is severely wounded.
The iguana closely misses you.
You closely miss the iguana.
The iguana is severely wounded.
The iguana bites you!
* * * LOW HITPOINT WARNING * * *
You hit the iguana.
The iguana is almost dead.
The iguana barely misses you.
You hit the iguana but do no damage.
The iguana is almost dead.
The iguana bites you!
You die...

#...###########.
##.# #. #. .. #.
.## #. ..# #.
#.#.# #. #l#.#
## #@#.###
#...... #...####
#....(..
##..####
#..#####
#......# .#
#.####.# #.##
#.# #.# #.##.


You could see an iguana.

Vanquished Creatures
  A necrophage (D:3)
  Blork the orc (D:5)
  A bullfrog zombie (D:5)
  A jelly (D:5)
  A bullfrog skeleton (D:4)
  An iguana (D:5)
  A worker ant (D:4)
  A howler monkey zombie (D:5)
  5 gnolls (D:4)
  4 adders
  An adder skeleton (D:4)
  2 dart slugs
  3 leopard geckos
  10 orcs
  A ball python (D:2)
  3 giant cockroaches
  11 goblins
  3 jackals (D:4)
  A quokka (D:5)
  5 bats
  2 frilled lizards
  4 kobolds
  A leopard gecko skeleton (D:4)
  7 rats
71 creatures vanquished.

Vanquished Creatures (collateral kills)
  An orc priest (D:3)
  A gnoll (D:4)
  A dart slug (D:4)
  An orc (D:3)
4 creatures vanquished.

Grand Total: 75 creatures vanquished

Notes
Turn   | Place    | Note
-------+----------+-------------------------------------------
     0 | D:1      | Alzound the Demonspawn Berserker began the quest for the
                  | Orb.
     0 | D:1      | Reached XP level 1. HP: 18/18 MP: 1/1
   254 | D:1      | Gained mutation: A weak demonic guardian rushes to your
                  | aid. [demonic ancestry]
   254 | D:1      | Reached XP level 2. HP: 24/24 MP: 2/2
   728 | D:2      | Found a sacrificial altar of Ru.
  1006 | D:2      | Gained mutation: You are slightly more attuned to the
                  | shadows. [demonic ancestry]
  1006 | D:2      | Reached XP level 3. HP: 29/29 MP: 3/3
  1667 | D:3      | Found a white marble altar of Elyvilon.
  1667 | D:3      | Found a glowing golden altar of the Shining One.
  1680 | D:3      | Reached skill level 1 in Shields
  1841 | D:3      | Noticed a necrophage
  1861 | D:3      | Killed a necrophage
  1861 | D:3      | Reached ** piety under Trog
  1861 | D:3      | Gained mutation: You have a pair of small horns on your
                  | head. [demonic ancestry]
  1861 | D:3      | Reached XP level 4. HP: 15/32 MP: 4/4
  2027 | D:3      | Found a shimmering blue altar of Sif Muna.
  2027 | D:3      | Found a shadowy altar of Dithmenos.
  2051 | D:3      | Found a hazy altar of Hepliaklqana.
  2053 | D:3      | Found a shimmering altar of Xom.
  2053 | D:3      | Noticed a hell beast
  2054 | D:3      | Noticed a spectral ugly thing
  2054 | D:3      | Noticed a hell beast
  2154 | D:3      | Reached XP level 5. HP: 38/38 MP: 5/5
  2157 | D:3      | HP: 1/38 [orc/+0 mace (2)]
  2936 | D:4      | Found a staircase to the Ecumenical Temple.
  3403 | D:4      | Reached skill level 1 in Stealth
  3403 | D:4      | Gained mutation: You are significantly more attuned to the
                  | shadows. [demonic ancestry]
  3403 | D:4      | Reached XP level 6. HP: 25/45 MP: 6/6
  3634 | D:5      | Entered Level 5 of the Dungeon
  3699 | D:5      | Noticed Blork the orc
  3726 | D:5      | Killed Blork the orc
  4165 | D:5      | Found a burning altar of Makhleb.
  4295 | D:5      | Slain by an iguana

Levels and vault maps discovered:
D:1:      minmay_arrival_stone_box, layout_basic, minmay_misc_feat_enclosed
D:2:      layout_loops_ring, overflow_temple_1_default
D:3:      layout_loops_cross, regret_index_temple_of_mockery,
          kennysheep_vampire_church, nicolae_overflow_crystal_walls,
          grunt_temple_overflow_open, first_ration
D:4:      layout_loops_cross, minmay_temple_entry_steel_oval,
          nicolae_ossuary_entry_catacombs, hangedman_abyss_or_decor_stabs
D:5:      layout_loops_ring, vehumet_crystals, basic_altar, uniq_blork_the_orc

Skill      XL: |  1  2  3  4  5  6 |
---------------+-------------------+-----
Axes           | 3 4 |  4.7
Armour         | 2 3 |  3.5
Shields        | 1 2 |  2.0
Dodging        | 2 |  2.4
Stealth        | 1 |  1.0
Fighting       | 4 |  4.1

Action                   |  1- 3 |  4- 6 || total
-------------------------+-------+-------++-------
Melee: Hand axe          |   157 |   144 ||   301
       Headbutt          |       |    29 ||    29
  Use: Scroll            |       |     3 ||     3
       Potion            |       |     1 ||     1
 Stab: Sleeping          |       |     1 ||     1
  Eat: Ration            |     1 |     3 ||     4
Armor: Scale mail        |    76 |    58 ||   134
Dodge: Dodged            |    60 |    51 ||   111
Block: Shield            |    71 |    57 ||   128
